 Dungeon Crawl Stone Soup version 0.29.0-5-ge4962eb29e (webtiles) character file.

Game seed: 9567949427219036504

365 greasedhog the Trooper (level 6, -3/40 HPs)
             Began as a Gargoyle Fighter on Aug 29, 2022.
             Killed by divine providence
             ... invoked by an orc priest
              (13 damage)
             ... on level 3 of the Dungeon.
             The game lasted 00:02:48 (2197 turns).

greasedhog the Trooper (Gargoyle Fighter)           Turns: 2197, Time: 00:02:49

Health: -3/40      AC: 16    Str: 22    XL:     6   Next: 68%
Magic:  6/6        EV:  7    Int:  8    God:
Gold:   160        SH:  4    Dex:  9    Spells: 5/5 levels left

rFire   . . .      SeeInvis .   m - +2 war axe (freeze)
rCold   . . .      Faith    .   c - +0 buckler
rNeg    + . .      Spirit   .   e - +0 chain mail
rPois   ∞          Reflect  .   (no helmet)
rElec   +          Harm     .   b - +0 cloak
rCorr   .          Rampage  .   j - +1 pair of gloves
Will    .....                   (no boots)
Stlth   ..........              (no amulet)
HPRegen 0.13/turn               (no ring)
MPRegen 0.10/turn               (no ring)

@: no status effects
A: sickness immunity, AC +4, negative energy resistance 1, electricity
resistance, torment resistance 1, petrification resistance
a: no special abilities


You were on level 3 of the Dungeon.
You visited 1 branch of the dungeon, and saw 3 of its levels.

You collected 160 gold pieces.

Inventory:

Hand Weapons
 a - a +0 flail
 m - a +2 war axe of freezing (weapon)
Armour
 b - a +0 cloak (worn)
 c - a +0 buckler (worn)
 e - a +0 chain mail (worn)
 j - a +1 pair of gloves (worn)
Wands
 o - a wand of digging (7)
Scrolls
 d - a scroll of blinking {unknown}
 f - 2 scrolls of teleportation
 h - a scroll of fog
 n - a scroll of identify
Potions
 g - 2 potions of attraction
 i - a potion of brilliance {unknown}
 k - a potion of curing
 l - a potion of berserk rage {unknown}
 p - a potion of ambrosia {unknown}


   Skills:
 - Level 5.5 Fighting
 * Level 5.0 Maces & Flails
 - Level 3.2 Armour
 * Level 1.4 Dodging
 - Level 3.2 Shields


You had 5 spell levels left.
You didn't know any spells.
Your spell library contained the following spells:

 Spells                   Type           Power      Damage    Failure   Level
 Slow                     Hex            0%         N/A       99%         1
 Confusing Touch          Hex            0%         N/A       100%        3
 Dazzling Flash           Conj/Hex       0%         N/A       100%        3
 Vampiric Draining        Necr           0%         2d6       100%        3
 Iskenderun's Mystic Bla  Conj/Tloc      0%         2d3       100%        4
 Starburst                Conj/Fire      0%         6d3       100%        6


Dungeon Overview and Level Annotations

Branches:
Dungeon (3/15)

Altars:
Ashenzari
Makhleb
Nemelex Xobeh
Vehumet


Innate Abilities, Weirdness & Mutations

You are immune to sickness and miasma.
Your stone body is resilient. (AC +4)
You are immune to poison.
You resist negative energy. (rN+)
You are resistant to electric shocks. (rElec)
You are resistant to unholy torment.
You are immune to petrification.


Message History

You hit the orc priest. You freeze the orc priest.
The orc priest is moderately wounded.
The orc priest hits you but does no damage.
You hit the orc priest but do no damage.
The orc priest is moderately wounded.
A giant cockroach comes into view.
The orc priest calls down the wrath of Beogh upon you.
Pain shoots through your body!
A rat comes into view.
You are too injured to fight recklessly!
You are too injured to fight recklessly!
You are too injured to fight recklessly!
You are too injured to fight recklessly!
You are too injured to fight recklessly!
You are too injured to fight recklessly!
You are too injured to fight recklessly!
You are too injured to fight recklessly!
You are too injured to fight recklessly!
You are too injured to fight recklessly!
You are too injured to fight recklessly!
You are too injured to fight recklessly!
You are too injured to fight recklessly!
You are too injured to fight recklessly!
You are too injured to fight recklessly!
You are too injured to fight recklessly!
Unknown command.
You slash the orc priest! You freeze the orc priest.
You kill the orc priest!
You hit the orc but do no damage.
An orc priest comes into view. It is wielding a +0 club.
The orc hits you with a +3 short sword. You block the giant cockroach's attack.
Your Maces & Flails skill increases to level 5!
Unknown command.
Okay, then.
The orc attacks as you move away! The orc hits you but does no damage.
You closely miss the orc. The orc hits you with a +3 short sword.
* * * LOW HITPOINT WARNING * * *
The orc priest calls down the wrath of Beogh upon you.
Beogh smites you!
You die...

#....†....### #.#.##.....
#.........###.#.#.##..<..
#...............#.##.....
#........######.#.##.....
#........# #.#.##.....
#........## #.....†.#
#.........# #######.#
########.## #.# #@# #.#
#o# #.. #B# ### #.o#
##.'# #... .#.. ......
#####


You could see an orc priest, an orc and a giant cockroach.

Vanquished Creatures
  Sigmund (D:2)
  3 orc priests (D:3)
  Terence (D:2)
  A gnoll (D:1)
  2 worms
  3 dart slugs
  7 orcs (D:3)
  2 ball pythons
  14 bats
  4 endoplasms
  2 giant cockroaches
  5 goblins
  3 hobgoblins
  6 jackals (D:1)
  A quokka (D:1)
  3 frilled lizards
  9 kobolds
  4 rats
71 creatures vanquished.

Notes
Turn   | Place    | Note
-------+----------+-------------------------------------------
     0 | D:1      | greasedhog the Gargoyle Fighter began the quest for the
                  | Orb.
     0 | D:1      | Reached XP level 1. HP: 14/14 MP: 1/1
    33 | D:1      | Found a faded altar of an unknown god.
   108 | D:1      | Reached XP level 2. HP: 19/19 MP: 2/2
   333 | D:1      | Reached XP level 3. HP: 17/24 MP: 3/3
   915 | D:2      | Noticed Terence
   927 | D:2      | Killed Terence
   928 | D:2      | Reached XP level 4. HP: 18/30 MP: 4/4
  1115 | D:2      | Noticed Sigmund
  1136 | D:2      | Killed Sigmund
  1137 | D:2      | Reached skill level 5 in Fighting
  1137 | D:2      | Reached XP level 5. HP: 14/35 MP: 5/5
  1137 | D:2      | Reached XP level 6. HP: 17/40 MP: 6/6
  1674 | D:3      | Reached skill level 1 in Dodging
  1985 | D:3      | Found a sparkling altar of Nemelex Xobeh.
  1989 | D:3      | Identified the +7 leather armour of Marbles {Dex+2}
  2094 | D:3      | Found a burning altar of Makhleb.
  2097 | D:3      | Found a radiant altar of Vehumet.
  2102 | D:3      | Found a broken altar of Ashenzari.
  2195 | D:3      | Reached skill level 5 in Maces & Flails
  2197 | D:3      | Killed from afar by an orc priest

Illustrated notes

Levels and vault maps discovered:
D:1:      eino_arrival_water_star, layout_basic, basic_ecumenical_altar
D:2:      layout_rooms, chequers_serial_rivers_room_b, uniq_sigmund,
          uniq_terence
D:3:      layout_basic, okawaru_gym_becter, mainiacjoe_overflow_catwalk,
          grunt_temple_overflow_diamond, gup_sewer_entry_bowl,
          hangedman_decor_push, grunt_decor_resistance

Skill      XL: |  1  2  3  4  5  6 |
---------------+-------------------+-----
Fighting       | 4 5 |  5.5
Maces & Flails | 3 4 5 |  5.0
Dodging        | 1 |  1.4
Armour         | |  3.2
Shields        | |  3.2

Action                   |  1- 3 |  4- 6 || total
-------------------------+-------+-------++-------
Melee: Flail             |    97 |    60 ||   157
       War axe           |       |    40 ||    40
  Use: Scroll            |     2 |     1 ||     3
       Potion            |       |     3 ||     3
Armor: Scale mail        |     9 |       ||     9
       Chain mail        |    85 |    72 ||   157
Dodge: Dodged            |    53 |    42 ||    95
Block: Buckler           |    24 |    21 ||    45
